Map: Oxyde EC

Players

Hirich

  • Race: Protoss Protoss
  • League: Diamond

WhiteWidow - Winner!

  • Race: Zerg Zerg
  • League: Diamond

VOD

Have the link to the VOD?

Description

Time

  • Played on: Aug. 1, 2021, 9:20 a.m.
  • Length: 8:14
Show
View Real Time Build Order
Export as new Build Order

Hirich Protoss 

Build Orders: Oracle Opening 

Get SALT Encoding   

  12  0:00  Probe  
  13  0:12  Probe  
  14  0:19  Pylon  
  14  0:24  Probe  
  15  0:37  Probe  
  15  0:38  Gateway  
  16  0:47  Assimilator  
  16  0:49  Probe (Chrono Boost)  
  17  0:59  Probe (Chrono Boost)  
  18  1:04  Probe (Chrono Boost)  
  19  1:14  Forge  
  19  1:25  Zealot (Chrono Boost)  
  19  1:26  Cybernetics Core  
  21  1:38  Pylon  
  21  1:44  Zealot  
  23  1:51  Photon Cannon  
  23  2:01  Assimilator  
  23  2:08  Probe  
  23  2:11  Sentry  
  23  2:13  Warp Gate  
  26  2:20  Probe  
  27  2:32  Probe  
  28  2:49  Probe  
  29  2:56  Stargate  
  29  3:01  Probe  
  30  3:07  Nexus  
  30  3:09  Shield Battery  
  30  3:14  Pylon  
  30  3:34  Probe  
  31  3:36  Oracle (Chrono Boost)  
  34  3:46  Probe  
  35  3:58  Probe  
  36  4:12  Probe (Chrono Boost), Stargate  
  36  4:13  Stalker  
  39  4:20  Probe (Chrono Boost)  
  41  4:26  Assimilator  
  41  4:29  Probe (Chrono Boost)  
  41  4:30  Probe (Chrono Boost)  
  42  4:49  Probe x2  
  42  4:50  Void Ray x2  
  44  4:54  Pylon  
  52  5:01  Probe x2  
  52  5:02  Assimilator  
  54  5:13  Probe  
  54  5:14  Probe  
  56  5:20  Shield Battery  
  56  5:21  Pylon  
  56  5:22  Stalker  
  58  5:28  Photon Cannon  
  58  5:39  Probe x2  
  58  5:40  Fleet Beacon  
  60  5:43  Void Ray  
  64  5:51  Probe x2, Void Ray  
  70  6:20  Probe x2  
  49  6:56  Stalker  
  56  7:25  Stalker  
  58  7:39  Shield Battery  
  58  7:41  Shield Battery  
  58  7:49  Pylon  
  50  7:52  Pylon  
  50  7:55  Pylon  
  50  7:57  Pylon  
Show
View Real Time Build Order
Export as new Build Order

WhiteWidow Zerg - Winner!

Build Orders: Pool First 

Get SALT Encoding   

  12  0:18  Spawning Pool  
  11  0:22  Drone  
  11  0:25  Drone  
  13  0:32  Drone  
  14  0:57  Hatchery  
  13  1:04  Overlord  
  13  1:11  Drone  
  13  1:18  Extractor  
  13  1:24  Zergling x4  
  15  1:29  Zergling x2  
  16  1:37  Queen  
  16  1:39  Zergling x2  
  19  1:49  Drone  
  20  1:59  Drone  
  21  2:21  Metabolic Boost  
  21  2:25  Queen  
  21  2:28  Drone x3  
  26  2:30  Drone  
  27  2:38  Overlord  
  27  2:50  Overlord  
  27  2:53  Drone  
  28  3:04  Drone  
  28  3:05  Drone x3  
  32  3:08  Drone  
  33  3:17  Queen  
  35  3:23  Drone x2  
  37  3:30  Lair  
  37  3:41  Overlord  
  37  3:42  Drone x2  
  37  3:43  Drone  
  37  3:45  Drone  
  41  4:02  Queen  
  43  4:05  Drone x4  
  47  4:23  Overlord x2  
  47  4:24  Roach Warren  
  47  4:25  Drone x2, Extractor  
  47  4:28  Drone, Extractor  
  47  4:31  Drone x3  
  48  4:32  Overseer  
  43  4:41  Queen  
  45  4:47  Drone x3  
  45  4:48  Drone  
  49  5:03  Drone x2  
  49  5:04  Drone  
  49  5:06  Drone  
  53  5:08  Glial Reconstitution  
  53  5:14  Nydus Network  
  52  5:24  Queen  
  52  5:26  Roach x2  
  52  5:27  Roach x2  
  62  5:31  Drone x2  
  62  5:33  Extractor  
  63  5:40  Roach  
  65  5:46  Overlord  
  65  5:54  Nydus Canal  
  65  5:57  Queen  
  65  5:59  Spore Crawler  
  65  6:01  Roach  
  65  6:04  Overlord x2  
  67  6:19  Roach x4  
  75  6:29  Roach x2  
  75  6:30  Queen  
  79  6:32  Queen  
  68  6:57  Roach  
  68  6:58  Roach x5  
  78  7:26  Queen x2  
  82  7:33  Hydralisk Den  
  79  7:39  Hatchery  
  78  7:44  Nydus Canal  
  78  7:53  Drone  
  78  7:54  Drone x2  
  78  7:57  Drone x4  
  78  7:58  Drone x2  
Tags
 
Add a new tag
Caveats
  • Supply blocks, unpowered buildings, or Contaminate may cause inaccurate times.
  • Supply counts are checked every 10 seconds.